TOP OF THE 1ST |
Plymouth Cocks batting - Pitching for Coronado Eclipse : RHP Paul McGowan
|
Pitching: RHP Paul McGowan
|
|
Batting: RHB Bob Sánchez
|
0-0: Ball 1-0: Called Strike 1-1: Swinging Strike 1-2: Ball 2-2: Strikes out swinging
|
Batting: RHB Jesús Torres
|
0-0: Foul Ball, location: 2F 0-1: Ball 1-1: Swinging Strike 1-2: Strikes out swinging
|
Batting: RHB Francisco Gonzáles
|
0-0: Ball 1-0: Foul Ball, location: 2F 1-1: Ball 2-1: SINGLE (Flyball, 9LM)
|
Batting: RHB Raúl Rivera
|
0-0: Ball 1-0: Called Strike 1-1: Foul Ball, location: 2F 1-2: Ball 2-2: Strikes out swinging
|
Top of the 1st over - 0 runs, 1 hit, 0 errors, 1 left on base; Plymouth 0 - Coronado 0 |
BOTTOM OF THE 1ST |
Coronado Eclipse batting - Pitching for Plymouth Cocks : RHP Ji-e Tsu
|
Pitching: RHP Ji-e Tsu
|
|
Batting: RHB Galtero Confalonieri
|
0-0: Called Strike 0-1: Swinging Strike 0-2: Ball 1-2: Ball 2-2: Ground out 4-3 (Groundball, 4)
|
Batting: SHB José Acevedo
|
0-0: Called Strike 0-1: SINGLE (Flyball, 9LS)
|
Batting: RHB Andrés Casillas
|
0-0: Called Strike 0-1: DOUBLE (Flyball, 8LXD) José Acevedo to third
|
Batting: RHB Ramón Ramírez
|
0-0: Ball 1-0: Ball 2-0: Foul Ball, location: 2F 2-1: Ball 3-1: Ground out U3 (Groundball, 34) José Acevedo scores Andrés Casillas to third
|
Batting: RHB Ramón Espinoza
|
0-0: Swinging Strike 0-1: Swinging Strike 0-2: Strikes out looking
|
Bottom of the 1st over - 1 run, 2 hits, 0 errors, 1 left on base; Plymouth 0 - Coronado 1 |
TOP OF THE 2ND |
Plymouth Cocks batting - Pitching for Coronado Eclipse : RHP Paul McGowan
|
Batting: LHB Armando Vázquez
|
0-0: Ball 1-0: Ball 2-0: Called Strike 2-1: Swinging Strike 2-2: Strikes out looking
|
Batting: RHB Ken Case
|
0-0: Called Strike 0-1: Foul Ball, location: 2F 0-2: Ground out 5-3 (Groundball, 56)
|
Batting: LHB Manuel Villarreal
|
0-0: Swinging Strike 0-1: Swinging Strike 0-2: SINGLE (Line Drive, 89M)
|
Batting: RHB Edgardo Hernández
|
0-0: SINGLE (Line Drive, 56) Manuel Villarreal to second
|
Batting: SHB John Allen
|
0-0: Called Strike 0-1: Ball 1-1: Swinging Strike 1-2: Ball 2-2: Strikes out looking
|
Top of the 2nd over - 0 runs, 2 hits, 0 errors, 2 left on base; Plymouth 0 - Coronado 1 |
BOTTOM OF THE 2ND |
Coronado Eclipse batting - Pitching for Plymouth Cocks : RHP Ji-e Tsu
|
Batting: RHB Brian Jones
|
0-0: Ball 1-0: Called Strike 1-1: Foul Ball, location: 2F 1-2: Foul Ball, location: 2F 1-2: Ball 2-2: Ball 3-2: Foul Ball, location: 2F 3-2: Foul Ball, location: 2F 3-2: Ground out 5-3 (Groundball, 5)
|
Batting: RHB Vincente Ayala
|
0-0: Called Strike 0-1: Ball 1-1: Ball 2-1: Foul Ball, location: 2F 2-2: Strikes out swinging
|
Batting: RHB Brandon Smith
|
0-0: Ball 1-0: Ball 2-0: Called Strike 2-1: Foul Ball, location: 2F 2-2: Foul Ball, location: 2F 2-2: Strikes out swinging
|
Bottom of the 2nd over - 0 runs, 0 hits, 0 errors, 0 left on base; Plymouth 0 - Coronado 1 |
TOP OF THE 3RD |
Plymouth Cocks batting - Pitching for Coronado Eclipse : RHP Paul McGowan
|
Batting: RHB Bob Sánchez
|
0-0: Called Strike 0-1: Ball 1-1: Ball 2-1: SINGLE (Groundball, 6MD)
|
Pitching: RHP Larry Rutledge
|
|
Batting: RHB Jesús Torres
|
0-0: Called Strike 0-1: Ball Bob Sánchez steals 2nd base 1-1: SINGLE (Flyball, 9S) Bob Sánchez to third
|
Batting: RHB Francisco Gonzáles
|
0-0: Called Strike Jesús Torres steals 2nd base 0-1: Called Strike 0-2: Fly out, F8 (Flyball, 89S) Runner from 3rd tags up, SCORES, no throw
|
Batting: RHB Raúl Rivera
|
0-0: Called Strike 0-1: 2-RUN HOME RUN (Flyball, 7D), Distance : 394 ft
|
Batting: LHB Armando Vázquez
|
0-0: Ball 1-0: Ground out 6-3 (Groundball, 6)
|
Batting: RHB Ken Case
|
0-0: Called Strike 0-1: Ball 1-1: Ball 2-1: Ball 3-1: Ground out 6-3 (Groundball, 6)
|
Top of the 3rd over - 3 runs, 3 hits, 0 errors, 0 left on base; Plymouth 3 - Coronado 1 |
BOTTOM OF THE 3RD |
Coronado Eclipse batting - Pitching for Plymouth Cocks : RHP Ji-e Tsu
|
Batting: LHB Ken Miller
|
0-0: Ball 1-0: Fly out, F8 (Flyball, 8RS)
|
Batting: RHB Galtero Confalonieri
|
0-0: SINGLE (Groundball, 34S) (infield hit)
|
Batting: SHB José Acevedo
|
0-0: Ball 1-0: Called Strike Galtero Confalonieri steals 2nd base 1-1: 2-RUN HOME RUN (Flyball, 9LD), Distance : 340 ft
|
Batting: RHB Andrés Casillas
|
0-0: Fly out, F9 (Flyball, 9S)
|
Batting: RHB Ramón Ramírez
|
0-0: Called Strike 0-1: Ball 1-1: Ball 2-1: Fly out, F2 (Popup, 23F)
|
Bottom of the 3rd over - 2 runs, 2 hits, 0 errors, 0 left on base; Plymouth 3 - Coronado 3 |
TOP OF THE 4TH |
Plymouth Cocks batting - Pitching for Coronado Eclipse : RHP Larry Rutledge
|
Batting: LHB Manuel Villarreal
|
0-0: Called Strike 0-1: Ball 1-1: Ball 2-1: SINGLE (Groundball, 4MS) (infield hit)
|
Batting: RHB Edgardo Hernández
|
0-0: Called Strike 0-1: Ball 1-1: Ball 2-1: Foul Ball, location: 2F 2-2: SINGLE (Line Drive, 89S) Manuel Villarreal to second
|
Pitching: RHP Juan Oliveira
|
|
Batting: SHB John Allen
|
0-0: Ball 1-0: Fly out, F8 (Line Drive, 8RS)
|
Batting: RHB Bob Sánchez
|
0-0: Foul Ball, location: 2F 0-1: Ground out 6-3 (Groundball, 6S) Manuel Villarreal to third Edgardo Hernández to second
|
Batting: RHB Jesús Torres
|
0-0: Ball 1-0: SINGLE (Flyball, 78M) Manuel Villarreal scores Edgardo Hernández to third Runner from 3rd tries for Home, throw and OUT!
|
Top of the 4th over - 1 run, 3 hits, 0 errors, 1 left on base; Plymouth 4 - Coronado 3 |
BOTTOM OF THE 4TH |
Coronado Eclipse batting - Pitching for Plymouth Cocks : RHP Ji-e Tsu
|
Batting: RHB Ramón Espinoza
|
0-0: Ball 1-0: Ball 2-0: Called Strike 2-1: Fly out, F9 (Flyball, 9S)
|
Batting: RHB Brian Jones
|
0-0: Ball 1-0: Called Strike 1-1: SINGLE (Line Drive, 6D)
|
Batting: RHB Vincente Ayala
|
0-0: Called Strike 0-1: Called Strike Brian Jones steals 2nd base 0-2: Ball 1-2: Strikes out swinging
|
Batting: RHB Brandon Smith
|
0-0: Ball 1-0: Ball 2-0: Called Strike 2-1: Foul Ball, location: 2F 2-2: Ball 3-2: Ground out 5-3 (Groundball, 5L)
|
Bottom of the 4th over - 0 runs, 1 hit, 0 errors, 1 left on base; Plymouth 4 - Coronado 3 |
TOP OF THE 5TH |
Plymouth Cocks batting - Pitching for Coronado Eclipse : RHP Juan Oliveira
|
Batting: RHB Francisco Gonzáles
|
0-0: Ball 1-0: Called Strike 1-1: Fly out, F4 (Flyball, 4D)
|
Batting: RHB Raúl Rivera
|
0-0: Ball 1-0: Ground out 4-3 (Groundball, 4)
|
Batting: LHB Armando Vázquez
|
0-0: Ball 1-0: Ball 2-0: Swinging Strike 2-1: Foul Ball, location: 2F 2-2: Foul Ball, location: 2F 2-2: Ball 3-2: Base on Balls
|
Batting: RHB Ken Case
|
0-0: Foul Ball, location: 2F 0-1: Called Strike 0-2: Ball 1-2: Ball 2-2: Foul Ball, location: 2F 2-2: Strikes out swinging
|
Top of the 5th over - 0 runs, 0 hits, 0 errors, 1 left on base; Plymouth 4 - Coronado 3 |
BOTTOM OF THE 5TH |
Coronado Eclipse batting - Pitching for Plymouth Cocks : RHP Ji-e Tsu
|
Batting: LHB Ken Miller
|
0-0: Fly out, F9 (Line Drive, 9)
|
Batting: RHB Galtero Confalonieri
|
0-0: Swinging Strike 0-1: Ball 1-1: Ball 2-1: Foul Ball, location: 2F 2-2: Foul Ball, location: 2F 2-2: Foul Ball, location: 2F 2-2: Ball 3-2: Strikes out swinging
|
Batting: SHB José Acevedo
|
0-0: Called Strike 0-1: Ball 1-1: Fly out, F7 (Flyball, 7S)
|
Bottom of the 5th over - 0 runs, 0 hits, 0 errors, 0 left on base; Plymouth 4 - Coronado 3 |
TOP OF THE 6TH |
Plymouth Cocks batting - Pitching for Coronado Eclipse : RHP Juan Oliveira
|
Batting: LHB Manuel Villarreal
|
0-0: Ball 1-0: Foul Ball, location: 2F 1-1: Ball 2-1: Foul Ball, location: 2F 2-2: Foul Ball, location: 2F 2-2: Ball 3-2: Strikes out looking
|
Batting: RHB Edgardo Hernández
|
0-0: Ball 1-0: Called Strike 1-1: Ball 2-1: Ball 3-1: Ground out 6-3 (Groundball, 6)
|
Batting: SHB John Allen
|
0-0: Ball 1-0: SINGLE (Groundball, 4S) (infield hit)
|
Batting: RHB Bob Sánchez
|
0-0: Called Strike 0-1: Called Strike 0-2: Fly out, F8 (Flyball, 8LS)
|
Top of the 6th over - 0 runs, 1 hit, 0 errors, 1 left on base; Plymouth 4 - Coronado 3 |
BOTTOM OF THE 6TH |
Coronado Eclipse batting - Pitching for Plymouth Cocks : RHP Ji-e Tsu
|
Batting: RHB Andrés Casillas
|
0-0: Called Strike 0-1: Swinging Strike 0-2: Foul Ball, location: 2F 0-2: SINGLE (Groundball, 34D)
|
Batting: RHB Ramón Ramírez
|
0-0: Ball 1-0: Fly out, F8 (Line Drive, 8LD)
|
Batting: RHB Ramón Espinoza
|
0-0: Ball 1-0: Swinging Strike 1-1: Swinging Strike 1-2: Ball 2-2: Strikes out swinging
|
Batting: RHB Brian Jones
|
0-0: Called Strike 0-1: Fly out, F9 (Flyball, 9S)
|
Bottom of the 6th over - 0 runs, 1 hit, 0 errors, 1 left on base; Plymouth 4 - Coronado 3 |
TOP OF THE 7TH |
Plymouth Cocks batting - Pitching for Coronado Eclipse : RHP Juan Oliveira
|
Pitching: RHP Ash Coker
|
|
Batting: RHB Jesús Torres
|
0-0: Called Strike 0-1: Ball 1-1: Swinging Strike 1-2: Foul Ball, location: 2F 1-2: Strikes out looking
|
Batting: RHB Francisco Gonzáles
|
0-0: SINGLE (Line Drive, 78S)
|
Pinch Hitting: SHB Juan Morales
|
0-0: Grounds out, U3 (Groundball, 3L)
|
Batting: LHB Armando Vázquez
|
0-0: Called Strike 0-1: SINGLE (Groundball, 56D) Francisco Gonzáles to third Runner from 3rd tries for Home, SAFE, no throw
|
Batting: RHB Ken Case
|
0-0: Called Strike 0-1: Swinging Strike 0-2: Ball 1-2: Ball 2-2: Strikes out swinging
|
Top of the 7th over - 1 run, 2 hits, 0 errors, 1 left on base; Plymouth 5 - Coronado 3 |
BOTTOM OF THE 7TH |
Coronado Eclipse batting - Pitching for Plymouth Cocks : RHP Ji-e Tsu
|
Now at 1B: Gabriel González
|
|
Batting: RHB Vincente Ayala
|
0-0: Fly out, F5 (Line Drive, 56)
|
Batting: RHB Brandon Smith
|
0-0: Fly out, F9 (Flyball, 89M)
|
Batting: LHB Ken Miller
|
0-0: SOLO HOME RUN (Flyball, 89XD), Distance : 427 ft
|
Pitching: RHP Carlos López
|
|
Batting: RHB Galtero Confalonieri
|
0-0: Ball 1-0: Ground out 5-3 (Groundball, 5)
|
Bottom of the 7th over - 1 run, 1 hit, 0 errors, 0 left on base; Plymouth 5 - Coronado 4 |
TOP OF THE 8TH |
Plymouth Cocks batting - Pitching for Coronado Eclipse : RHP Ash Coker
|
Batting: LHB Manuel Villarreal
|
0-0: Called Strike 0-1: Foul Ball, location: 2F 0-2: Ball 1-2: Ball 2-2: Strikes out swinging
|
Batting: RHB Edgardo Hernández
|
0-0: Foul Ball, location: 2F 0-1: Called Strike 0-2: Ball 1-2: Ball 2-2: Ball 3-2: Strikes out swinging
|
Batting: SHB John Allen
|
0-0: Called Strike 0-1: Foul Ball, location: 2F 0-2: Strikes out swinging
|
Top of the 8th over - 0 runs, 0 hits, 0 errors, 0 left on base; Plymouth 5 - Coronado 4 |
BOTTOM OF THE 8TH |
Coronado Eclipse batting - Pitching for Plymouth Cocks : RHP Carlos López
|
Batting: SHB José Acevedo
|
0-0: Ball 1-0: Ball 2-0: SINGLE (Line Drive, 7)
|
Pinch Hitting: LHB Robby Bland
|
0-0: Ball 1-0: Swinging Strike 1-1: Called Strike 1-2: Ball 2-2: Ball 3-2: Foul Ball, location: 2F 3-2: Foul Ball, location: 2F 3-2: Base on Balls José Acevedo to second
|
Batting: RHB Ramón Ramírez
|
0-0: Called Strike 0-1: Ball 1-1: Fly out, F8 (Flyball, 89M)
|
Batting: RHB Ramón Espinoza
|
0-0: Called Strike 0-1: Ball 1-1: Foul Ball, location: 2F 1-2: SINGLE (Line Drive, 56D) José Acevedo to third Robby Bland to second Runner from 3rd tries for Home, SAFE, throw made home
|
Batting: RHB Brian Jones
|
0-0: SINGLE (Groundball, 5) (infield hit) Robby Bland to third Ramón Espinoza to second
|
Batting: RHB Vincente Ayala
|
0-0: Fly out, F7 (Flyball, 7S)
|
Batting: RHB Brandon Smith
|
0-0: Foul Ball, location: 2F 0-1: Foul Ball, location: 2F 0-2: Fly out, F8 (Flyball, 8LM)
|
Bottom of the 8th over - 1 run, 3 hits, 0 errors, 3 left on base; Plymouth 5 - Coronado 5 |
TOP OF THE 9TH |
Plymouth Cocks batting - Pitching for Coronado Eclipse : RHP Ash Coker
|
Pitching: RHP Valentín Rosas
|
|
Now at 1B: Robby Bland
|
|
Batting: RHB Bob Sánchez
|
0-0: Ball 1-0: Ball 2-0: Called Strike 2-1: Swinging Strike 2-2: Foul Ball, location: 2F 2-2: Ball 3-2: Strikes out swinging
|
Batting: RHB Jesús Torres
|
0-0: Fly out, F9 (Flyball, 89M)
|
Batting: RHB Francisco Gonzáles
|
0-0: Ball 1-0: Ball 2-0: Called Strike 2-1: Foul Ball, location: 2F 2-2: Foul Ball, location: 2F 2-2: Ground out 6-3 (Groundball, 6)
|
Top of the 9th over - 0 runs, 0 hits, 0 errors, 0 left on base; Plymouth 5 - Coronado 5 |
BOTTOM OF THE 9TH |
Coronado Eclipse batting - Pitching for Plymouth Cocks : RHP Carlos López
|
Batting: LHB Ken Miller
|
0-0: Called Strike 0-1: Ball 1-1: Ball 2-1: Called Strike 2-2: Ball 3-2: Foul Ball, location: 2F 3-2: Ground out 3-1 (Groundball, 34S)
|
Batting: RHB Galtero Confalonieri
|
0-0: Ball 1-0: Called Strike 1-1: Ball 2-1: Called Strike 2-2: Foul Ball, location: 2F 2-2: Strikes out swinging
|
Batting: SHB José Acevedo
|
0-0: Ball 1-0: Foul Ball, location: 2F 1-1: Swinging Strike 1-2: Strikes out swinging
|
Bottom of the 9th over - 0 runs, 0 hits, 0 errors, 0 left on base; Plymouth 5 - Coronado 5 |
TOP OF THE 10TH |
Plymouth Cocks batting - Pitching for Coronado Eclipse : RHP Valentín Rosas
|
Pinch Hitting: RHB Ernesto Rodríguez
|
0-0: Called Strike 0-1: Foul Ball, location: 2F 0-2: Ball 1-2: Foul Ball, location: 2F 1-2: Strikes out looking
|
Batting: LHB Armando Vázquez
|
0-0: Ball 1-0: Called Strike 1-1: Swinging Strike 1-2: Strikes out swinging
|
Batting: RHB Ken Case
|
0-0: Ball 1-0: Foul Ball, location: 2F 1-1: Ball 2-1: Ground out 4-3 (Groundball, 4S)
|
Top of the 10th over - 0 runs, 0 hits, 0 errors, 0 left on base; Plymouth 5 - Coronado 5 |
BOTTOM OF THE 10TH |
Coronado Eclipse batting - Pitching for Plymouth Cocks : RHP Carlos López
|
Pitching: RHP Juan Moreno
|
|
Now at 1B: José Cómpoz
|
|
Batting: LHB Robby Bland
|
0-0: Ball 1-0: Ball 2-0: Ball 3-0: Base on Balls
|
Batting: RHB Ramón Ramírez
|
0-0: Foul Ball, location: 2F 0-1: Ball 1-1: Ball 2-1: Foul Ball, location: 2F 2-2: Strikes out looking
|
Batting: RHB Ramón Espinoza
|
0-0: Ball 1-0: Ball 2-0: Called Strike 2-1: Foul Ball, location: 2F 2-2: Grounds into double play, 6-4-3 (Groundball, 6M)
|
Bottom of the 10th over - 0 runs, 0 hits, 0 errors, 0 left on base; Plymouth 5 - Coronado 5 |
TOP OF THE 11TH |
Plymouth Cocks batting - Pitching for Coronado Eclipse : RHP Valentín Rosas
|
Pitching: RHP Michael Walters
|
|
Batting: LHB Manuel Villarreal
|
0-0: Ball 1-0: Ball 2-0: Ball 3-0: Called Strike 3-1: Ground out 4-3 (Groundball, 4)
|
Batting: RHB Edgardo Hernández
|
0-0: Ball 1-0: Swinging Strike 1-1: Foul Ball, location: 2F 1-2: Foul Ball, location: 2F 1-2: Ball 2-2: Strikes out looking
|
Batting: SHB John Allen
|
0-0: Swinging Strike 0-1: Fly out, F9 (Flyball, 9)
|
Top of the 11th over - 0 runs, 0 hits, 0 errors, 0 left on base; Plymouth 5 - Coronado 5 |
BOTTOM OF THE 11TH |
Coronado Eclipse batting - Pitching for Plymouth Cocks : RHP Juan Moreno
|
Batting: RHB Brian Jones
|
0-0: Ball 1-0: Ball 2-0: Fly out, F9 (Flyball, 89M)
|
Batting: RHB Vincente Ayala
|
0-0: Ball 1-0: Ball 2-0: Called Strike 2-1: Ball 3-1: Foul Ball, location: 2F 3-2: Foul Ball, location: 2F 3-2: Base on Balls
|
Batting: RHB Brandon Smith
|
0-0: Ball 1-0: Ball 2-0: Ball 3-0: Base on Balls Vincente Ayala to second
|
Batting: LHB Ken Miller
|
0-0: Foul Ball, location: 2F 0-1: Ball 1-1: Foul Ball, location: 2F 1-2: Foul Ball, location: 2F 1-2: Ball 2-2: Foul Ball, location: 2F 2-2: Ball 3-2: Strikes out swinging
|
Batting: RHB Galtero Confalonieri
|
0-0: Called Strike 0-1: Ball 1-1: Foul Ball, location: 2F 1-2: Ball 2-2: Foul Ball, location: 2F 2-2: Ground out U3 (Groundball, 3)
|
Bottom of the 11th over - 0 runs, 0 hits, 0 errors, 2 left on base; Plymouth 5 - Coronado 5 |
TOP OF THE 12TH |
Plymouth Cocks batting - Pitching for Coronado Eclipse : RHP Michael Walters
|
Batting: RHB Bob Sánchez
|
0-0: Ball 1-0: Called Strike 1-1: Ball 2-1: Reached on error, E5 (Groundball, 56)
|
Batting: RHB Jesús Torres
|
0-0: Called Strike 0-1: Foul Ball, location: 2F 0-2: Ball 1-2: Ball 2-2: Ball 3-2: Strikes out swinging
|
Batting: RHB Francisco Gonzáles
|
0-0: Called Strike Bob Sánchez steals 2nd base 0-1: Ball 1-1: Intentional Walk
|
Pinch Hitting: LHB William Morgan
|
0-0: Foul Ball, location: 2F 0-1: Foul Ball, location: 2F 0-2: Ball 1-2: Ball 2-2: SINGLE (Line Drive, 56) Bob Sánchez to third Francisco Gonzáles to second Runner from 3rd tries for Home, SAFE, no throw
|
Batting: LHB Armando Vázquez
|
0-0: Ball 1-0: Called Strike 1-1: Ball 2-1: SINGLE (Flyball, 78M) Francisco Gonzáles to third William Morgan to second
|
Batting: RHB Ken Case
|
0-0: Ball 1-0: Called Strike 1-1: Called Strike 1-2: Ball 2-2: Ball 3-2: Strikes out looking
|
Batting: LHB Manuel Villarreal
|
0-0: Ball 1-0: Ball 2-0: Fly out, F8 (Flyball, 8LS)
|
Top of the 12th over - 1 run, 2 hits, 1 error, 3 left on base; Plymouth 6 - Coronado 5 |
BOTTOM OF THE 12TH |
Coronado Eclipse batting - Pitching for Plymouth Cocks : RHP Juan Moreno
|
Now at 1B: Diego Santos
|
|
Batting: SHB José Acevedo
|
0-0: Ball 1-0: Called Strike 1-1: Foul Ball, location: 2F 1-2: Ground out 6-3 (Groundball, 56D)
|
Batting: LHB Robby Bland
|
0-0: Swinging Strike 0-1: Ball 1-1: Fly out, F4 (Line Drive, 4)
|
Batting: RHB Ramón Ramírez
|
0-0: Ball 1-0: Called Strike 1-1: Ball 2-1: Foul Ball, location: 2F 2-2: Ball 3-2: Base on Balls
|
Batting: RHB Ramón Espinoza
|
0-0: Ball 1-0: Ball 2-0: Called Strike 2-1: Ball 3-1: SINGLE (Line Drive, 7S) Ramón Ramírez to second Runner from 2nd tries for 3rd, SAFE, no throw
|
Batting: RHB Brian Jones
|
0-0: Called Strike 0-1: Ball 1-1: Ball 2-1: Ground out 5-3 (Groundball, 56S)
|
Bottom of the 12th over - 0 runs, 1 hit, 0 errors, 2 left on base; Plymouth 6 - Coronado 5 |
|